 Dungeon Crawl Stone Soup version 0.31-a0-246-g8cbcc1cb85 (webtiles) character file.

Game seed: 1212926415847532098

39 qw the Shooter (level 3, -4/21 HPs)
             Began as a Gargoyle Hexslinger on July 12, 2023.
             Slain by a goblin
             ... wielding a +0 dagger
             ... led by Robin
              (5 damage)
             ... on level 2 of the Dungeon.
             The game lasted 00:00:19 (763 turns).

qw the Shooter (Gargoyle Hexslinger)                 Turns: 763, Time: 00:00:20

Health: -4/21      AC:  6    Str: 11    XL:     3   Next: 47%
Magic:  4/4        EV: 12    Int: 13    God:
Gold:   74         SH:  5    Dex: 14    Spells: 3/4 levels left

rFire   . . .        Y - +1 sling
rCold   . . .        (no shield)
rNeg    + . .        c - +0 robe
rPois   inf          (no helmet)
rElec   +            (no cloak)
rCorr   .            (no gloves)
SInv    .            h - +0 pair of boots
Will    .....        d - amulet of reflection
Stlth   +            (no ring)
HPRegen 0.23/turn    (no ring)
MPRegen 0.09/turn

%: reflection
@: no status effects
A: sickness immunity, AC +3, negative energy resistance 1, electricity
resistance, torment resistance 1, petrification resistance
a: no special abilities


You were on level 2 of the Dungeon.
You visited 1 branch of the dungeon, and saw 2 of its levels.

You collected 74 gold pieces.


Innate Abilities, Weirdness & Mutations

You are immune to sickness and miasma.
Your stone body is resilient. (AC +3)
You are immune to poison.
You resist negative energy. (rN+)
You are resistant to electric shocks. (rElec)
You are resistant to unholy torment.
You are immune to petrification.


   Skills:
 - Level 2.0 Fighting
 + Level 3.4 Ranged Weapons
 - Level 1.5 Dodging
 - Level 1.0 Spellcasting
 - Level 2.6 Hexes


You had 3 spell levels left.
You knew the following spells:

 Your Spells              Type           Power      Damage    Failure   Level
a - Slow                  Hex            28%        N/A       10%         1

Your spell library contained the following spells:

 Spells                   Type           Power      Damage    Failure   Level
 Inner Flame              Hex/Fire       4%         N/A       43%         3
 Portal Projectile        Hex/Tloc       8%         N/A       43%         3
 Cause Fear               Hex            3%         N/A       67%         4

Inventory:

Hand Weapons
 Y - a +1 sling (weapon)
Armour
 c - a +0 robe (worn)
 h - a +0 pair of boots (worn)
Jewellery
 d - an amulet of reflection (around neck)
Scrolls
 a - a scroll of fear {unknown}
Potions
 e - a potion of curing {unknown}

Dungeon Overview and Level Annotations

Branches:
Dungeon (2/15)

Altars:

Annotations:
D:1 1 transporter
D:2 Robin


Message History

The hobgoblin closely misses you. The hobgoblin barely misses you.
You block the goblin's attack.
You shoot a sling bullet. The sling bullet hits the hobgoblin.
You kill the hobgoblin!
The hobgoblin barely misses you. You block the goblin's attack.
You shoot a sling bullet.
The sling bullet closely misses the hobgoblin.
You block the hobgoblin's attack.
A goblin comes into view. It is wielding a +0 club.
The goblin hits you but does no damage. x2
Robin roars a battlecry!
The goblins go into a battle-frenzy!
You block the hobgoblin's attack. The goblin closely misses you. x2
The goblin moves out of view.
You shoot a sling bullet.
The sling bullet completely misses the hobgoblin.
The hobgoblin misses you. The goblin barely misses you. x2
You shoot a sling bullet.
The sling bullet hits Robin but does no damage.
The goblin misses you. You block the hobgoblin's attack.
You block Robin's attack. The goblin misses you.
You shoot a sling bullet. The sling bullet hits Robin.
Robin is lightly wounded.
The hobgoblin misses you. Robin throws the goblin at you!
You block the goblin's attack. The goblin closely misses you.
You shoot a sling bullet. The sling bullet closely misses Robin.
The hobgoblin hits you but does no damage.
The goblin hits you with a +0 dagger. The goblin closely misses you.
Robin hits you but does no damage. Robin closely misses you.
The hobgoblin hits you. The goblin barely misses you. The hobgoblin hits you.
The goblin hits you but does no damage.
You shoot a sling bullet. The sling bullet barely misses Robin.
The hobgoblin misses you. The hobgoblin hits you.
Robin throws the goblin at you!
The goblin hits you with a +0 dagger. x2
You shoot a sling bullet.
The sling bullet hits Robin but does no damage.
Robin is lightly wounded.
The hobgoblin hits you. You block the hobgoblin's attack.
You block the goblin's attack. The goblin hits you with a +0 dagger.
You die...

#....
#####.).
#.......
#.....).
#..=...#
#......####
#..).ggg..#
#@g..# #gg..#
#....####.#
#..........
###'######.
#########.###
#......[...<#
#.........###
#.........#


You could see Robin, 2 hobgoblins and 3 goblins.

Vanquished Creatures
  3 dart slugs (D:1)
  A ball python (D:1)
  3 bats (D:1)
  2 endoplasms (D:1)
  2 giant cockroaches (D:1)
  4 goblins
  7 hobgoblins
  4 jackals (D:1)
  2 rats (D:1)
28 creatures vanquished.

Notes
Turn   | Place    | Note
-------+----------+-------------------------------------------
     0 | D:1      | qw the Gargoyle Hexslinger began the quest for the Orb.
     0 | D:1      | Reached XP level 1. HP: 12/12 MP: 2/2
     0 | D:1      | 0 ||| qw: Version: 0.3-a-52-g30416fa
     0 | D:1      | 0 ||| qw: Game counter: 6258
     0 | D:1      | 0 ||| qw: Melee chars always use a shield: true
     0 | D:1      | 0 ||| qw: God list: Okawaru
     0 | D:1      | 0 ||| qw: Allow faded altars: false
     0 | D:1      | 0 ||| qw: Do Orc after clearing Dungeon:15 true
     0 | D:1      | 0 ||| qw: Do second Lair branch before Depths: true
     0 | D:1      | 0 ||| qw: Lair rune preference: random
     0 | D:1      | 0 ||| qw: Goals: Normal
     0 | D:1      | 0 ||| PLANNING D:1-11
   155 | D:1      | Reached XP level 2. HP: 16/16 MP: 3/3
   168 | D:1      | Reached skill level 3 in Ranged Weapons
   307 | D:1      | Reached XP level 3. HP: 21/21 MP: 4/4
   700 | D:1      | 700 ||| UPGRADING to +0 pair of boots.
   705 | D:1      | 705 ||| UPGRADING to amulet of reflection.
   710 | D:1      | 710 ||| READING scroll labelled DAOCZO LYOTET.
   711 | D:1      | 711 ||| READING scroll labelled TIFOGI RIWEAM.
   712 | D:1      | 712 ||| DROPPING scroll of poison.
   753 | D:2      | Noticed Robin
   762 | D:2      | HP: 5/21 [goblin/+0 dagger[Robin] (1)]
   763 | D:2      | HP: 1/21 [hobgoblin[Robin] (4)]
   763 | D:2      | Slain by a goblin

Levels and vault maps discovered:
D:1:      spicycebolla_arrival_risky_transporter, layout_basic
D:2:      layout_basic, minmay_rat_hole, uniq_sigmund, uniq_robin

Skill      XL: |  1  2  3 |
---------------+----------+-----
Ranged Weapons | 3 |  3.4
Fighting       | 2 |  2.0
Dodging        | |  1.5
Spellcasting   | |  1.0
Hexes          | |  2.6

Action                     || total
---------------------------++-------
   Fire: Sling             ||    85
    Use: Scroll            ||     2
 Armour: Robe              ||     8
  Dodge: Dodged            ||    31
  Block: Other             ||    11

Table legend:
 A = Non-vault XP
 B = Vault XP
 C = Vault XP percentage of total XP
 D = Non-vault monster count
 E = Vault monster count
 F = Vault count percentage of total count
                 A         B        C        D         E       F
            +---------+---------+-------+---------+---------+-------
      Total |      48 |       9 |  15.8 |      23 |       5 |  17.9
            +---------+---------+-------+---------+---------+-------
        D:1 |      46 |       0 |   0.0 |      22 |       0 |   0.0
        D:2 |       2 |       9 |  81.8 |       1 |       5 |  83.3
            +---------+---------+-------+---------+---------+-------
